 Dungeon Crawl Stone Soup version 0.21-a0-221-gfe971b9 (webtiles) character file.

49564 tidbits the Martial Artist (level 13, 0/114 HPs)
             Began as a Demigod Transmuter on Aug 25, 2017.
             Killed by divine providence
             ... invoked by an orc priest
              (12 damage)
             ... on level 2 of the Orcish Mines on Aug 26, 2017.
             The game lasted 02:18:12 (11671 turns).

tidbits the Martial Artist (Demigod Transmuter)    Turns: 11671, Time: 02:18:12

Health: 0/114      AC: 19    Str: 13    XL:     13   Next: 81%
Magic:  17/25      EV: 21    Int: 21    God:
Gold:   586        SH:  0    Dex: 18    Spells: 8/22 levels left

rFire    . . .     SeeInvis .     - Unarmed
rCold    . . .     Gourm    .   (shield currently unavailable)
rNeg     . . .     Faith    .   B - +2 troll leather armour
rPois    .         Spirit   .   X - +2 helmet
rElec    .         Reflect  .   C - +2 cloak
rCorr    .         Harm     .   (gloves currently unavailable)
MR       +....                  F - +0 pair of boots
Stlth    +.........             (no amulet)
HPRegen  0.69/turn              V - +3 ring of evasion
MPRegen  0.19/turn              U - +6 ring of protection

@: blade hands, heavily drained
A: talons 1, dopey 1, high mp 1
a: End Transformation


You were on level 2 of the Orcish Mines.
You were very hungry.
You had blades for hands.
You visited 3 branches of the dungeon, and saw 18 of its levels.
You also visited: Sewer.

You collected 1814 gold pieces.
You spent 1228 gold pieces at shops.

Inventory:

Hand Weapons
 a - the +2 flail of Articulation {crush, Int+4}
   (You found it on level 4 of the Dungeon)

   It inflicts extra damage upon your enemies.
   It affects your intelligence (+4).
 b - the +3 hunting sling "Mocveeb" (melded) {venom, +Fly rPois Dex+2 SInv}
   (You found it in a sewer)

   It poisons the ammo it fires.
   It affects your dexterity (+2).
   It protects you from poison.
   It lets you see invisible.
   It lets you fly.
 p - a +3 longbow of flaming
   (You took it off Nessos on level 13 of the Dungeon)
Missiles
 g - 140 arrows
 v - 125 stones (quivered)
 Q - 29 sling bullets
Armour
 B - a +2 troll leather armour (worn)
 C - a +2 cloak (worn)
 F - a +0 pair of boots (worn)
 G - a +0 pair of gloves (melded)
 X - a +2 helmet (worn)
Jewellery
 i - an uncursed ring of positive energy
   (You found it on level 10 of the Dungeon)
 E - an uncursed ring of protection from fire
   (You found it on level 15 of the Dungeon)
 T - an uncursed ring of protection from cold
   (You found it on level 13 of the Dungeon)
 U - a +6 ring of protection (right scythe-like blade)
   (You found it on level 3 of the Dungeon)
 V - a +3 ring of evasion (left scythe-like blade)
   (You bought it in a shop on level 15 of the Dungeon)
 W - an uncursed ring of wizardry
   (You found it on level 1 of the Dungeon)
Wands
 n - a wand of iceblast (3/15)
 H - a wand of polymorph (10/24)
 J - a wand of random effects (27/48)
 R - a wand of clouds (5/9)
 Y - a wand of acid (5/15)
Scrolls
 m - 2 scrolls of magic mapping
 r - 3 scrolls of remove curse
 t - 9 scrolls of teleportation
 w - 2 scrolls of enchant weapon
 x - 4 scrolls of immolation
 z - 2 scrolls of fear
 N - a scroll of recharging
 S - 2 scrolls of noise {unknown}
 Z - a scroll of fog
Potions
 f - 8 potions of flight
 j - a potion of agility
 k - 3 potions of ambrosia
 s - 2 potions of cancellation
 u - 2 potions of berserk rage
 y - 3 potions of curing
 A - 2 potions of brilliance
 I - a potion of heal wounds
 K - 3 potions of lignification
 P - 2 potions of haste {unknown}
Books
 c - a book of Changes

   Spells                             Type                      Level
   a - Beastly Appendage              Transmutation                1
   b - Sticks to Snakes               Transmutation                2
   c - Spider Form                    Transmutation/Poison         3
   d - Ice Form                       Ice/Transmutation            4
   e - Blade Hands                    Transmutation                5
 O - a book of Misfortune
   (You found it on level 12 of the Dungeon)

   Spells                             Type                      Level
   a - Confusing Touch                Hexes                        1
   b - Confuse                        Hexes                        3
   c - Gell's Gravitas                Translocation                3
   d - Petrify                        Transmutation/Earth          4
   e - Metabolic Englaciation         Hexes/Ice                    5
   f - Yara's Violent Unravelling     Hexes/Transmutation          5
Miscellaneous
 q - a fan of gales
Comestibles
 d - 7 bread rations
 h - 4 chunks of flesh


   Skills:
 - Level 10.3(8.4) Fighting
 - Level 10.6(8.6) Dodging
 - Level 14.0(11.9) Unarmed Combat
 + Level 5.3(3.6) Spellcasting
 + Level 9.2(7.3) Transmutations
 + Level 2.9(1.3) Earth Magic


You had 8 spell levels left.
You knew the following spells:

 Your Spells              Type           Power        Failure   Level  Hunger
h - Blade Hands           Tmut           ####......   65%         5    ######.
k - Sticks to Snakes      Tmut           ####....     16%         2    ##.....
p - Spider Form           Tmut/Pois      ###.......   47%         3    ###....
z - Petrify               Tmut/Erth      ###.....     69%         4    ####...


Dungeon Overview and Level Annotations

Branches:
Dungeon (15/15)            Temple (0/1) D:5            Lair (1/6) D:10
    Orc (2/2) D:10            Elf (0/3) Orc:2        Vaults (0/5) D:13
 Depths (0/5) D:15

Shops:
D:15 =   Orc:2 ?*

Annotations:
Lair:1 Harold


Innate Abilities, Weirdness & Mutations

You have an increased reservoir of magic. (+10% MP)
You have sharp toenails.
You are dopey. (Int -2)


Message History

Your adder dies!
You slash the soul eater!
The soul eater is lightly wounded.
You hear a shout! x2
You barely miss the soul eater.
You slash the soul eater, but do no damage.
The soul eater is lightly wounded.
The orc sorcerer casts a spell at you.
The bolt of negative energy hits the soul eater.
The soul eater completely resists.
The bolt of negative energy hits you!
You feel drained.
* * * LOW HITPOINT WARNING * * *
The soul eater hits you!!
* * * LOW HITPOINT WARNING * * *
You feel drained.
* * * LOW HITPOINT WARNING * * *
You hit the soul eater.
The soul eater is moderately wounded.
The smoke demon gestures at you. Something smites you!
* * * LOW HITPOINT WARNING * * *
The orc sorcerer gestures wildly while chanting.
You slash the soul eater!
The soul eater is heavily wounded.
The soul eater completely misses you.
You hit the soul eater.
The soul eater is heavily wounded.
Your transformation is almost over.
The orc sorcerer mumbles some strange words.
The soul eater hits you!
* * * LOW HITPOINT WARNING * * *
You feel much better.
The orc sorcerer mumbles some strange words.
The soul eater hits you!
* * * LOW HITPOINT WARNING * * *
You feel drained.
* * * LOW HITPOINT WARNING * * *
You slash the soul eater!
The soul eater is severely wounded.
The soul eater barely misses you.
You slash the soul eater!
The soul eater is almost dead.
You barely miss the soul eater. You slash the soul eater.
The soul eater is almost dead.
The soul eater closely misses you. The orc sorcerer casts a spell at you.
The bolt of negative energy hits the soul eater.
The soul eater completely resists.
The bolt of negative energy hits you!
You feel drained.
* * * LOW HITPOINT WARNING * * *
You barely miss the soul eater.
The soul eater is almost dead.
The soul eater hits you.
* * * LOW HITPOINT WARNING * * *
You feel drained.
* * * LOW HITPOINT WARNING * * *
You hit the soul eater but do no damage.
The soul eater is almost dead.
The orc sorcerer mumbles some strange words.
The soul eater draws from the surrounding life force!
* * * LOW HITPOINT WARNING * * *
The soul eater is healed.
You feel much better. The soul eater closely misses you.
You slice the soul eater!!
You kill the soul eater!
You hit the infernal demonspawn.
The infernal demonspawn is almost dead.
The infernal demonspawn hits you but does no damage.
You barely miss the infernal demonspawn.
The infernal demonspawn is almost dead.
The orc priest invokes the aid of Beogh against you.
Beogh smites you!
* * * LOW HITPOINT WARNING * * *
You hit the infernal demonspawn.
You kill the infernal demonspawn!
You closely miss the orc priest.
Your hands revert to their normal proportions.
The +3 hunting sling "Mocveeb" {venom, +Fly rPois Dex+2 SInv} unmelds from your body.
Your +0 pair of gloves unmelds from your body.
The +3 hunting sling "Mocveeb" {venom, +Fly rPois Dex+2 SInv} begins to drip with poison!
The orc priest closely misses you.
Casting: Blade Hands
Confirm with . or Enter, or press ? or * to list all spells.
Your hands turn into razor-sharp scythe blades.
The +3 hunting sling "Mocveeb" {venom, +Fly rPois Dex+2 SInv} melds into your body.
Your +0 pair of gloves melds into your body.
The +3 hunting sling "Mocveeb" {venom, +Fly rPois Dex+2 SInv} stops dripping with poison.
You are feeling very hungry.
The orc priest looks satisfied for a moment.
Something misses your adder.
The orc priest mumbles some strange prayers to Beogh against you.
Beogh smites you!
* * * LOW HITPOINT WARNING * * *
You slash the orc priest!
The orc priest is severely wounded.
The orc priest closely misses you.
The orc sorcerer gestures wildly while chanting.
The orc priest calls down the wrath of Beogh upon you.
Beogh smites you!
You die...

...## #.....#.∩### .)##
##..#.....## ...## o.
##.....#.∩## ....## #.#
##....#...## .....## o.3#
##...#....## ......# #.o6#
##..))....## #
......####3..# ##...###[.##
#
........###.4.###...###).##
# .........#
#..)#@..###).## ##.
###.##..## #.#o#S###).##
#.< ..### ...# #oo.###..##
#... ..### #.## ##3###..##
##.# ....# ## ####).## #
....## ##..## ..# .....#
#...# ... .....# ## #..)#
... ...####.### ##..##
##..#


You could see a smoke demon, an orc sorcerer, 2 orc priests and a friendly
adder.

Vanquished Creatures
  The ghost of p0werm0de the Black Belt, a journeyman DsAE of Ashenzari (Orc:1)
  Nessos (D:13)
  A yaktaur captain (D:15)
  A vault guard (D:13)
  3 two-headed ogres
  4 centaur warriors
  A tengu warrior (D:15)
  2 orc high priests
  A soul eater (Orc:2)
  A sun demon (Orc:2)
  4 skeletal warriors (D:12)
  An infernal demonspawn (Orc:2)
  5 orc knights (Orc:2)
  2 manticores
  2 orc sorcerers (Orc:2)
  A deep elf mage (D:13)
  4 cyclopes
  5 ugly things
  A black mamba (Lair:1)
  A rust devil (Orc:2)
  Maurice (D:12)
  A gargoyle (D:12)
  2 komodo dragons
  An efreet (D:13)
  5 yaktaurs (D:15)
  2 tengu conjurers (D:15)
  A queen bee (D:10)
  A hornet (D:9)
  5 trolls
  4 slime creatures (D:12)
  3 hippogriffs
  A shadow (D:13)
  3 hogs (D:10)
  4 wyverns
  27 yaks
  A human (D:10)
  2 wraiths
  3 basilisks
  2 hungry ghosts (D:13)
  A steam dragon (D:13)
  A neqoxec (Orc:2)
  5 wargs (Orc:1)
  2 soldier ants
  2 acid dragons
  3 porcupines
  4 phantoms
  A sky beast (D:14)
  4 ice beasts
  34 orc warriors
  A black bear (D:11)
  3 ogres
  A necrophage (D:11)
  4 boggarts (D:14)
  5 centaurs
  A crocodile (D:13)
  3 big kobolds
  A gnoll sergeant (D:6)
  11 bullfrogs
  A wyvern zombie (D:14)
  5 scorpions
  A wyvern skeleton (D:14)
  30 killer bees
  12 wights
  2 howler monkeys
  A bullfrog zombie (D:13)
  6 centaur zombies
  7 crimson imps
  A quasit (D:7)
  4 jellies
  3 bullfrog skeletons
  7 hounds
  18 orc priests
  5 centaur skeletons
  9 orc wizards
  4 iguanas
  A merfolk avatar (Sewer)
  2 worker ants (D:11)
  3 gnolls
  12 adders
  3 river rats
  2 shadow imps
  An adder zombie (D:9)
  An adder skeleton (D:6)
  A worm (D:5)
  6 leopard geckos
  67 orcs
  5 bats
  6 giant cockroaches
  3 goblins
  11 hobgoblins
  11 jackals
  5 quokkas
  6 ball pythons
  5 frilled lizards
  18 kobolds
  22 rats
505 creatures vanquished.

Vanquished Creatures (collateral kills)
  A hydra (D:15)
  A two-headed ogre (D:11)
  2 slime creatures (D:12)
  A yak (D:11)
  A basilisk (D:13)
  Menkaure (D:5)
  An acid dragon (D:15)
  3 orc warriors
  A killer bee (D:8)
  A hound (D:13)
  An orc priest (Orc:2)
  A merfolk siren (Sewer)
  A worker ant zombie (D:11)
  4 adders
  2 adder zombies (D:6)
  3 leopard geckos
  6 orcs
  A hobgoblin (D:3)
  A bat (D:2)
  2 rats (Sewer)
35 creatures vanquished.

Vanquished Creatures (others)
  A troll (D:15)
1 creature vanquished.

Grand Total: 541 creatures vanquished

Notes
Turn   | Place    | Note
-------+----------+-------------------------------------------
     0 | D:1      | tidbits the Demigod Transmuter began the quest for the Orb.
     0 | D:1      | Reached XP level 1. HP: 15/15 MP: 5/5
    41 | D:1      | Reached skill level 2 in Spellcasting
   128 | D:1      | Reached skill level 2 in Transmutations
   140 | D:1      | Reached XP level 2. HP: 18/22 MP: 4/7
   144 | D:1      | Learned a level 2 spell: Sticks to Snakes
   271 | D:2      | Reached skill level 3 in Unarmed Combat
   426 | D:2      | Reached XP level 3. HP: 19/27 MP: 3/8
   431 | D:2      | Learned a level 3 spell: Spider Form
   965 | D:3      | Found a glowing drain.
   970 | D:3      | Reached XP level 4. HP: 27/34 MP: 3/9
   979 | D:3      | Reached skill level 3 in Transmutations
   997 | Sewer    | Entered a sewer
  1032 | Sewer    | Reached skill level 4 in Unarmed Combat
  1282 | Sewer    | Noticed a malarious merfolk avatar
  1334 | Sewer    | Killed a malarious merfolk avatar
  1334 | Sewer    | Reached XP level 5. HP: 39/39 MP: 1/10
  1365 | Sewer    | Got a bloodstained hunting sling
  1375 | Sewer    | Identified the +3 hunting sling "Mocveeb" {venom, +Fly rPois Dex+2 SInv} (You found it in a sewer)
  1451 | D:3      | Reached skill level 5 in Unarmed Combat
  1516 | D:4      | Found a stormy altar of Qazlal.
  1795 | D:4      | Reached XP level 6. HP: 46/46 MP: 12/12
  1875 | D:5      | Entered Level 5 of the Dungeon
  1951 | D:4      | Got a transparent flail
  1952 | D:4      | Identified the +2 flail of Articulation {crush, Int+4} (You found it on level 4 of the Dungeon)
  2003 | D:4      | Found a sacrificial altar of Ru.
  2200 | D:6      | Reached skill level 4 in Transmutations
  2213 | D:6      | Reached skill level 6 in Unarmed Combat
  2415 | D:5      | Found the +10 zealot's sword {holy, *Rage rN+ EV+3}
  2418 | D:5      | Reached XP level 7. HP: 48/51 MP: 13/13
  2470 | D:5      | Found a glowing golden altar of the Shining One.
  2470 | D:5      | Found a radiant altar of Vehumet.
  2470 | D:5      | Found a snail-covered altar of Cheibriados.
  2470 | D:5      | Found a sacrificial altar of Ru.
  2470 | D:5      | Found a white marble altar of Elyvilon.
  2470 | D:5      | Found a hazy altar of Hepliaklqana.
  2470 | D:5      | Found a shattered altar of Ashenzari.
  2470 | D:5      | Found a hazy altar of Hepliaklqana.
  2470 | D:5      | Found a sparkling altar of Nemelex Xobeh.
  2470 | D:5      | Found a snail-covered altar of Cheibriados.
  2470 | D:5      | Found an iron altar of Okawaru.
  2470 | D:5      | Found a sparkling altar of Nemelex Xobeh.
  2491 | D:5      | Noticed Menkaure
  2502 | D:5      | Killed Menkaure
  2568 | D:5      | Reached skill level 5 in Transmutations
  2632 | D:5      | Found a staircase to the Ecumenical Temple.
  2727 | D:6      | Found an ornate altar of the Wu Jian Council.
  2772 | D:5      | Learned a level 5 spell: Blade Hands
  2860 | D:6      | Reached skill level 3 in Spellcasting
  2960 | D:6      | Reached skill level 4 in Spellcasting
  3040 | D:6      | Reached XP level 8. HP: 37/58 MP: 11/17
  3053 | D:6      | Reached skill level 1 in Fighting
  3062 | D:6      | Reached skill level 2 in Dodging
  3189 | D:7      | Reached skill level 7 in Unarmed Combat
  3369 | D:8      | Reached skill level 2 in Fighting
  3497 | D:8      | Reached skill level 3 in Dodging
  3533 | D:8      | Noticed a two-headed ogre
  3567 | D:8      | Killed a two-headed ogre
  3567 | D:8      | Reached skill level 3 in Fighting
  3567 | D:8      | Reached skill level 8 in Unarmed Combat
  3567 | D:8      | Reached XP level 9. HP: 65/70 MP: 12/18
  3634 | D:8      | Found a sparkling altar of Nemelex Xobeh.
  3820 | D:9      | Found a snail-covered altar of Cheibriados.
  3821 | D:9      | Found a blossoming altar of Fedhas.
  3827 | D:9      | Reached skill level 4 in Dodging
  3832 | D:9      | Found an opulent altar of Gozag.
  3891 | D:10     | Entered Level 10 of the Dungeon
  3899 | D:10     | Reached skill level 5 in Dodging
  3945 | D:10     | Reached skill level 4 in Fighting
  4070 | D:10     | Reached skill level 5 in Fighting
  4125 | D:10     | Reached skill level 6 in Fighting
  4388 | D:9      | Reached skill level 9 in Unarmed Combat
  4526 | D:8      | Reached XP level 10. HP: 40/84 MP: 10/20
  4655 | D:10     | Reached skill level 6 in Transmutations
  4688 | D:10     | Found a staircase to the Lair.
  4860 | Lair:1   | Entered Level 1 of the Lair of Beasts
  4899 | D:10     | Reached skill level 7 in Transmutations
  4952 | D:10     | Reached skill level 7 in Fighting
  5360 | D:10     | Found a staircase to the Orcish Mines.
  5567 | D:9      | Reached skill level 10 in Unarmed Combat
  5727 | Lair:1   | Noticed a black mamba
  5737 | Lair:1   | Killed a black mamba
  5737 | Lair:1   | Reached skill level 6 in Dodging
  5762 | Lair:1   | Noticed Harold
  5765 | Lair:1   | HP: 8/86 [poisoned by a black mamba]
  5772 | D:10     | HP: 8/86 [poisoned by a black mamba]
  5779 | D:10     | HP: 8/86 [poisoned by a black mamba]
  6034 | D:11     | Reached XP level 11. HP: 68/93 MP: 8/21
  6311 | D:13     | Reached skill level 8 in Fighting
  6359 | D:13     | Noticed a centaur warrior
  6366 | D:13     | Killed a centaur warrior
  6378 | D:13     | Noticed a two-headed ogre
  6388 | D:13     | Noticed a vault guard
  6390 | D:13     | Reached skill level 11 in Unarmed Combat
  6393 | D:13     | Killed a two-headed ogre
  6398 | D:13     | Killed a vault guard
  6398 | D:13     | Reached skill level 7 in Dodging
  6421 | D:13     | Found a gate to the Vaults.
  6632 | D:13     | Noticed Nessos
  6657 | D:12     | HP: 5/95 [poisoned by Nessos]
  6811 | D:11     | Found a shimmering altar of Xom.
  7030 | D:11     | Noticed a two-headed ogre
  7052 | D:11     | Killed a two-headed ogre
  7325 | D:12     | Noticed Maurice
  7333 | D:12     | Killed Maurice
  7333 | D:12     | Reached skill level 12 in Unarmed Combat
  7510 | D:10     | Reached skill level 9 in Fighting
  7603 | Orc:1    | Entered Level 1 of the Orcish Mines
  7692 | Orc:1    | Noticed an orc high priest
  7716 | Orc:1    | Killed an orc high priest
  7724 | Orc:1    | Reached XP level 12. HP: 58/104 MP: 9/22
  7830 | Orc:1    | Reached skill level 8 in Dodging
  7845 | Orc:1    | Found a roughly hewn altar of Beogh.
  7926 | Orc:2    | Entered Level 2 of the Orcish Mines
  8578 | D:12     | Found an opulent altar of Gozag.
  8722 | D:13     | Killed Nessos
  8722 | D:13     | Reached skill level 13 in Unarmed Combat
  9231 | D:13     | Reached skill level 10 in Fighting
  9288 | D:14     | Noticed a centaur warrior
  9305 | D:14     | Reached skill level 9 in Dodging
  9310 | D:14     | Killed a centaur warrior
  9808 | D:15     | Entered Level 15 of the Dungeon
  9819 | D:15     | Reached XP level 13. HP: 111/113 MP: 17/23
  9826 | D:15     | Reached skill level 10 in Dodging
  9852 | D:15     | Found Peikios's Jewellery Shop.
  9875 | D:15     | Bought a +3 ring of protection for 273 gold pieces
  9875 | D:15     | Bought a +3 ring of evasion for 273 gold pieces
 10334 | D:15     | Reached skill level 8 in Transmutations
 10342 | D:15     | Found a staircase to the Depths.
 10845 | D:12     | Reached skill level 14 in Unarmed Combat
 10955 | D:10     | Learned a level 4 spell: Petrify
 11041 | Orc:2    | Reached skill level 1 in Earth Magic
 11103 | Orc:2    | Found a roughly hewn altar of Beogh.
 11236 | Orc:2    | Found a staircase to the Elven Halls.
 11399 | Orc:1    | Noticed p0werm0de's ghost (journeyman DsAE)
 11407 | Orc:1    | Killed p0werm0de's ghost
 11407 | Orc:1    | Reached skill level 2 in Earth Magic
 11486 | Orc:2    | Reached skill level 9 in Transmutations
 11491 | Orc:2    | Reached skill level 5 in Spellcasting
 11560 | Orc:2    | Found Tatiumi's General Store.
 11572 | Orc:2    | Found Senetough's Magic Scroll Shop.
 11586 | Orc:2    | Bought a +0 plate armour for 322 gold pieces
 11586 | Orc:2    | Bought a scroll of identify for 28 gold pieces
 11586 | Orc:2    | Bought a potion of mutation for 112 gold pieces
 11586 | Orc:2    | Bought a potion of brilliance for 56 gold pieces
 11586 | Orc:2    | Gained mutation: You are dopey. (Int -2) [potion of mutation]
 11586 | Orc:2    | Gained mutation: You have sharp toenails. [potion of mutation]
 11590 | Orc:2    | Bought a scroll of identify for 22 gold pieces
 11590 | Orc:2    | Bought a scroll of identify for 22 gold pieces
 11590 | Orc:2    | Bought a scroll of identify for 22 gold pieces
 11590 | Orc:2    | Bought a scroll of identify for 22 gold pieces
 11590 | Orc:2    | Bought a scroll of fear for 38 gold pieces
 11590 | Orc:2    | Bought a scroll of fear for 38 gold pieces
 11632 | Orc:2    | Paralysed by an orc sorcerer for 7 turns
 11663 | Orc:2    | HP: 9/114 [soul eater/drain life (11)]
 11670 | Orc:2    | HP: 11/114 [orc priest/divine providence (11)]
 11671 | Orc:2    | Killed from afar by an orc priest

Vault maps used:
D:1:      dpeg_arrival_boxorama, grunt_decor_resistance
D:3:      cheibrodos_greedy_goblins, portal_sewer_entry_b,
          minmay_misc_feat_square
D:4:      grunt_qazlal_clouds, nicolae_ru_awakened_eye
D:5:      tgw_sif, temple_doors_ab, first_bread, kennysheep_generic_room_6,
          uniq_duvessa, uniq_menkaure
D:6:      kennysheep_mini, kennysheep_generic_room_12
D:7:      old_standard_altar
D:8:      overflow_temple_1_default
D:9:      minitemple, serial_co_window_serial, co_window_paths_b,
          co_window_paths_a, co_window_of_opportunity_a, co_window_paths_b,
          co_window_corner_a, co_window_paths_c, co_window_of_opportunity_c,
          co_window_of_opportunity_c, co_window_broadway_c, co_window_corner_b,
          co_window_paths_c, co_window_4corner_b, co_window_paths_d,
          glass_columns_a
D:10:     grunt_lair_entry_orc_guard_hut, orc_0_dummy, grunt_livestock,
          minivault_7
D:11:     basic_altar, minmay_stone_trees_small
D:12:     nicolae_gozag_cash_rules_everything_around_me, uniq_maurice
D:13:     david_vaults_5, uniq_nessos
D:15:     grunt_enter_depths_snipers, serial_shops, nicolae_shop_stone,
          grunt_decor_arrowhead, minivault_25_ag, lemuel_nasty_fountain
Lair:1:   uniq_harold, uniq_fannar
Orc:1:    lemuel_statue_altar
Orc:2:    pf_orc_diabolical, basic_altar
Sewer:    sewer_sea

Skill      XL: |  1  2  3  4  5  6  7  8  9 10 11 12 13 |
---------------+----------------------------------------+-----
Spellcasting   | 2 4 5 |  5.3
Transmutations | 2 3 4 5 7 9 |  9.2
Unarmed Combat | 3 4 5 6 8 9 10 12 13 14 | 14.0
Fighting       | 3 6 7 9 10 | 10.3
Dodging        | 3 5 6 7 9 10 | 10.6
Earth Magic    | 2 |  2.9

Action                   |  1- 3 |  4- 6 |  7- 9 | 10-12 | 13-15 || total
-------------------------+-------+-------+-------+-------+-------++-------
Melee: Unarmed           |    51 |   171 |   128 |   463 |   257 ||  1070
       Kick              |     6 |     2 |       |       |       ||     8
       Dagger            |    27 |       |       |       |       ||    27
       Headbutt          |     2 |       |       |       |       ||     2
       Flail             |       |       |     4 |       |     1 ||     5
       Punch             |       |       |     2 |    25 |    19 ||    46
 Fire: Hunting sling     |       |    41 |   100 |   188 |    26 ||   355
Throw: Stone             |       |       |       |       |     6 ||     6
 Cast: Beastly Appendage |    17 |     1 |       |       |       ||    18
       Sticks to Snakes  |     8 |    13 |    16 |    64 |    28 ||   129
       Spider Form       |     8 |    18 |     9 |     1 |       ||    36
       Blade Hands       |       |       |    15 |    75 |    27 ||   117
       Petrify           |       |       |       |       |     1 ||     1
 Abil: End Transformatio |       |     2 |     4 |    20 |     7 ||    33
Evoke: Wand              |       |       |       |     7 |     2 ||     9
  Use: Scroll            |     5 |       |     5 |    13 |     5 ||    28
       Potion            |       |       |       |     6 |     4 ||    10
 Stab: Sleeping          |     2 |     1 |       |     1 |     1 ||     5
       Distracted        |       |     1 |       |     4 |     2 ||     7
       Confused          |       |       |       |     1 |       ||     1
  Eat: Chunk             |     2 |     8 |    12 |    34 |    14 ||    70
       Fruit             |       |       |     1 |     2 |       ||     3
       Meat ration       |       |       |       |     1 |       ||     1
       Royal jelly       |       |       |       |     1 |       ||     1
Armor: Robe              |    10 |    18 |    32 |    44 |       ||   104
       Skin              |     1 |    14 |     6 |       |       ||    21
       Steam dragon scal |       |       |       |    55 |       ||    55
       Troll leather arm |       |       |       |     4 |    59 ||    63
Dodge: Dodged            |    51 |    84 |   126 |   364 |   197 ||   822

Table legend:
 A = Spawn XP
 B = Non-spawn XP
 C = Spawn XP percentage of total XP
 D = Spawn monster count
 E = Non-spawn monster count
 F = Spawn count percentage of total count
 G = Total turns spent on level
                    A         B        C        D         E        F      G
               +---------+---------+-------+---------+---------+-------+---------
         Total |    7557 |   63250 |  10.7 |      42 |     498 |   7.8 | 11671
               +---------+---------+-------+---------+---------+-------+---------
           D:1 |       4 |      16 |  20.0 |       2 |       8 |  20.0 |   280
           D:2 |      12 |      64 |  15.8 |       1 |      16 |   5.9 |   382
           D:3 |      67 |      52 |  56.3 |       1 |      23 |   4.2 |   585
           D:4 |       0 |     186 |   0.0 |       0 |      12 |   0.0 |   414
           D:5 |       0 |     521 |   0.0 |       0 |      12 |   0.0 |   582
           D:6 |     128 |     636 |  16.8 |       2 |      22 |   8.3 |   460
           D:7 |       0 |     295 |   0.0 |       0 |       9 |   0.0 |   272
           D:8 |       0 |    1973 |   0.0 |       0 |      17 |   0.0 |   501
           D:9 |      69 |    1231 |   5.3 |       2 |      20 |   9.1 |   886
          D:10 |     383 |    5692 |   6.3 |       9 |      57 |  13.6 |  1286
          D:11 |     166 |    5008 |   3.2 |       2 |      27 |   6.9 |   986
          D:12 |    3381 |    6575 |  34.0 |       5 |      37 |  11.9 |   929
          D:13 |    2395 |   10934 |  18.0 |      12 |      43 |  21.8 |  1086
          D:14 |       0 |    3100 |   0.0 |       0 |      23 |   0.0 |   352
          D:15 |     472 |    9538 |   4.7 |       1 |      24 |   4.0 |   776
        Lair:1 |       0 |     627 |   0.0 |       0 |       2 |   0.0 |   131
         Orc:1 |       0 |    5550 |   0.0 |       0 |      39 |   0.0 |   426
         Orc:2 |     480 |   11115 |   4.1 |       5 |      69 |   6.8 |   957
         Sewer |       0 |     137 |   0.0 |       0 |      38 |   0.0 |   380
               +---------+---------+-------+---------+---------+-------+---------

Table legend:
 A = Turns spent in this place as a percentage of turns spent in the entire game.
 B = Non-inter-level travel turns spent in this place as a percentage of non-inter-level travel turns spent in the entire game.
 C = Inter-level travel turns spent in this place as a percentage of turns spent in this place.
 D = Turns resting spent in this place as a percentage of non-inter-level travel turns spent in this place.
 E = Turns spent auto-exploring this place as a percentage of non-inter-level travel turns spent in this place.
 F = Non-inter-level travel turns spent in this place divided by the number of levels of this place that you've seen.
                   A       B       C       D       E      F
               +-------+-------+-------+-------+-------+----------------------
         Total | 100.0 | 100.0 |   6.2 |   0.0 |   0.0 | 575.9
       Dungeon |  83.8 |  83.1 |   7.0 |   0.0 |   0.0 | 606.1
          Lair |   1.1 |   1.2 |   0.0 |   0.0 |   0.0 | 131.0
  Orcish Mines |  11.8 |  12.2 |   3.1 |   0.0 |   0.0 | 670.0
         Sewer |   3.3 |   3.5 |   0.0 |   0.0 |   0.0 | 380.0
               +-------+-------+-------+-------+-------+----------------------

Table legend:
 A = Kills in this place as a percentage of kills in entire the game.
 B = Kills by you in this place as a percentage of kills by you in the entire game.
 C = Kills by friends in this place as a percentage of kills by friends in the entire game.
 D = Other kills in this place as a percentage of other kills in the entire game.
 E = Experience gained in this place as a percentage of experience gained in the entire game.
 F = Experience gained in this place divided by the number of levels of this place that you have seen.
                   A       B       C       D       E      F
               +-------+-------+-------+-------+-------+----------------------
         Total | 100.0 | 100.0 | 100.0 |   N/A | 100.0 | 3726.7
       Dungeon |  71.7 |  72.7 |  57.1 |   N/A |  74.7 | 3526.5
          Lair |   0.4 |   0.4 |   0.0 |   N/A |   0.9 | 627.0
  Orcish Mines |  20.9 |  20.8 |  22.9 |   N/A |  24.2 | 8572.5
         Sewer |   7.0 |   6.1 |  20.0 |   N/A |   0.2 | 137.0
               +-------+-------+-------+-------+-------+----------------------

Vault maps used:
D:1:      dpeg_arrival_boxorama, grunt_decor_resistance
D:3:      cheibrodos_greedy_goblins, portal_sewer_entry_b,
          minmay_misc_feat_square
D:4:      grunt_qazlal_clouds, nicolae_ru_awakened_eye
D:5:      tgw_sif, temple_doors_ab, first_bread, kennysheep_generic_room_6,
          uniq_duvessa, uniq_menkaure
D:6:      kennysheep_mini, kennysheep_generic_room_12
D:7:      old_standard_altar
D:8:      overflow_temple_1_default
D:9:      minitemple, serial_co_window_serial, co_window_paths_b,
          co_window_paths_a, co_window_of_opportunity_a, co_window_paths_b,
          co_window_corner_a, co_window_paths_c, co_window_of_opportunity_c,
          co_window_of_opportunity_c, co_window_broadway_c, co_window_corner_b,
          co_window_paths_c, co_window_4corner_b, co_window_paths_d,
          glass_columns_a
D:10:     grunt_lair_entry_orc_guard_hut, orc_0_dummy, grunt_livestock,
          minivault_7
D:11:     basic_altar, minmay_stone_trees_small
D:12:     nicolae_gozag_cash_rules_everything_around_me, uniq_maurice
D:13:     david_vaults_5, uniq_nessos
D:15:     grunt_enter_depths_snipers, serial_shops, nicolae_shop_stone,
          grunt_decor_arrowhead, minivault_25_ag, lemuel_nasty_fountain
Lair:1:   uniq_harold, uniq_fannar
Orc:1:    lemuel_statue_altar
Orc:2:    pf_orc_diabolical, basic_altar
Sewer:    sewer_sea
